 Dungeon Sprint DCSS version 0.27.1-33-g824d729ab1 (webtiles) character file.

Game seed: 2242088175925379405

4708 manyhoops the Tortoise (level 10, -9/104 HPs)
             Began as a Minotaur Berserker on Nov 25, 2021.
             Was a High Priest of Trog.
             Mangled by Sonja (23 damage)
             ... in the Dungeon (Sprint I: "Red Sonja").
             The game lasted 00:03:14 (1581 turns).

manyhoops the Tortoise (Minotaur Berserker)         Turns: 1581, Time: 00:03:15

Health: -9/104     AC: 17    Str: 24    XL:     10   Next: 22%
Magic:  3/3        EV: 10    Int:  4    God:    Trog [*****.]
Gold:   561        SH:  0    Dex: 11    Spells: 9/9 levels left

rFire    . . .     SeeInvis .   b - +2 executioner's axe (antimagic)
rCold    . . .     Faith    .   (shield currently unavailable)
rNeg     . . .     Spirit   .   k - +0 plate armour
rPois    .         Reflect  .   (helmet restricted)
rElec    .         Harm     .   (no cloak)
rCorr    .         Rampage  .   (no gloves)
Will     .....     NoTele   +   (no boots)
Stlth    ..........             (no amulet)
HPRegen  0.27/turn              (no ring)
MPRegen  0.08/turn              (no ring)

@: on berserk cooldown, hasted and slowed
A: horns 2, retaliatory headbutt
a: Renounce Religion, Berserk, Trog's Hand, Brothers in Arms


You were in the Dungeon.
You worshipped Trog.
Trog was extremely pleased with you.
You visited 1 branch You collected 561 gold pieces.

Inventory:

Hand Weapons
 b - a +2 antimagic executioner's axe (weapon)
 i - a +1 rapier of flaming
Armour
 k - a +0 plate armour (worn)
Scrolls
 h - a scroll of blinking
 j - a scroll of fear {unknown}
Potions
 f - 2 potions of magic
 g - a potion of berserk rage


   Skills:
 - Level 14.6 Fighting
 + Level 15.5 Axes
 - Level 17.0 Armour
 - Level 6.8 Dodging
 - Level 1.2 Stealth


You had 9 spell levels left.
You didn't know any spells.
Your spell library was empty.

Dungeon Overview and Level Annotations

Branches:
Dungeon (1/1)

Altars:
Cheibriados
Dithmenos
Elyvilon
Fedhas
Gozag
Hepliaklqana
Kikubaaqudgha
Makhleb
Nemelex Xobeh
Okawaru
Qazlal
Ru
Sif Muna
Trog
Uskayaw
Vehumet
Wu Jian
Xom
Yredelemnul
Zin
The Shining One
Jiyva
Lugonu

Shops:
D (

Annotations:
D Sonja


Innate Abilities, Weirdness & Mutations

You have a pair of horns on your head.
You reflexively headbutt those who attack you in melee.


Message History

Sonja blinks!
You feel better.
Sonja throws a curare-tipped dart.
The curare-tipped dart barely misses you.
You feel yourself speed up.
Sonja throws a curare-tipped dart.
The curare-tipped dart hits you.
You are poisoned.
You have difficulty breathing.
You feel as though you will be slow longer.
You feel sick. Sonja hits you but does no damage.
Sonja hits you with a +0 dagger of distortion.
* * * LOW HITPOINT WARNING * * *
Sonja hits you with a +0 dagger of distortion.
* * * LOW HITPOINT WARNING * * *
Space bends around you.
* * * LOW HITPOINT WARNING * * *
Sonja mumbles some strange words.
Sonja blinks!
You feel sick.
Sonja throws a curare-tipped dart.
The curare-tipped dart closely misses you.
There is an ornate altar of the Wu Jian Council here.
Unknown command.
Press < or > to pray at altars.
You feel sick.
Sonja twirls her cape.
You closely miss Sonja. Your headbutt misses Sonja.
You feel sick.
Sonja hits you with a +0 dagger of distortion.
* * * LOW HITPOINT WARNING * * *
Sonja hits you but does no damage. Space bends around you.
* * * LOW HITPOINT WARNING * * *
Sonja closely misses you. Sonja barely misses you.
Sonja hits you but does no damage. Sonja closely misses you.
You miss Sonja. You headbutt Sonja, but do no damage.
You feel sick.
You are no longer poisoned.
Sonja barely misses you. You furiously retaliate!
You headbutt Sonja.
Sonja hits you with a +0 dagger of distortion.
* * * LOW HITPOINT WARNING * * *
Space bends around you.
* * * LOW HITPOINT WARNING * * *
Sonja hits you but does no damage. Space warps horribly around you!!
You die...

##############################
#<.#..)..#..'..#__#..'...#[.#§
#..)..#..').#..'..'..#).)##§#.
#..#####'#####'#__####...'.§#.
#..####..#...#.#### #####)§§§
#..#__####..##.# #+###
#..#_____##'#_.+ #.....
#⌠⌠#_.∩...'..@_# #^°°..
####_..__##_K#'# ###○°.
#_____###'#|# .○^ #######
#.### ○.# $.$ ..# #$.$# #+#
##.## #+#


You could see Sonja.

Vanquished Creatures
  A lindwurm (D)
  2 kobold demonologists (D)
  A gargoyle (D)
  4 demonic crawlers (D)
  A slime creature (D)
  Sigmund (D)
  A yak (D)
  13 hogs (D)
  A floating eye (D)
  An ogre (D)
  A jelly (D)
  Ijyb (D)
28 creatures vanquished.

Notes
Turn   | Place    | Note
-------+----------+-------------------------------------------
     0 | D        | manyhoops the Minotaur Berserker began the quest for the
                  | Orb.
     0 | D        | Reached XP level 1. HP: 19/19 MP: 0/0
     1 | D        | Noticed Ijyb
     9 | D        | Killed Ijyb
    10 | D        | Reached skill level 5 in Fighting
    10 | D        | Reached skill level 5 in Axes
    10 | D        | Reached skill level 3 in Armour
    10 | D        | Reached XP level 2. HP: 30/30 MP: 1/1
    67 | D        | Noticed an ogre
    73 | D        | Killed an ogre
    74 | D        | Reached skill level 4 in Armour
    74 | D        | Reached XP level 3. HP: 20/40 MP: 2/2
    74 | D        | Reached XP level 4. HP: 24/48 MP: 3/3
   270 | D        | Noticed Sigmund
   279 | D        | Killed Sigmund
   279 | D        | Reached ** piety under Trog
   280 | D        | Reached skill level 10 in Fighting
   280 | D        | Reached skill level 10 in Axes
   280 | D        | Reached skill level 5 in Armour
   280 | D        | Reached XP level 5. HP: 58/58 MP: 4/4
   280 | D        | Reached XP level 6. HP: 66/66 MP: 5/5
   319 | D        | Found an ornate altar of the Wu Jian Council.
   319 | D        | Found a shimmering blue altar of Sif Muna.
   321 | D        | Found a radiant altar of Vehumet.
   348 | D        | Found Xegaetsuo's Weapon Emporium.
   348 | D        | Found an ancient bone altar of Kikubaaqudgha.
   348 | D        | Found a hazy altar of Hepliaklqana.
   348 | D        | Found a hide-covered altar of Uskayaw.
   348 | D        | Found a basalt altar of Yredelemnul.
   348 | D        | Found an opulent altar of Gozag.
   348 | D        | Found a snail-covered altar of Cheibriados.
   348 | D        | Found a sacrificial altar of Ru.
   348 | D        | Found a shadowy altar of Dithmenos.
   348 | D        | Noticed a yak
   351 | D        | Killed a yak
   352 | D        | Reached skill level 6 in Armour
   352 | D        | Reached skill level 5 in Dodging
   352 | D        | Found a stormy altar of Qazlal.
   352 | D        | Found a blossoming altar of Fedhas.
   352 | D        | Found a bloodstained altar of Trog.
   352 | D        | Found an iron altar of Okawaru.
   352 | D        | Found a glowing golden altar of the Shining One.
   352 | D        | Found a glowing silver altar of Zin.
   352 | D        | Found a white marble altar of Elyvilon.
   353 | D        | Found a sparkling altar of Nemelex Xobeh.
   380 | D        | Found a burning altar of Makhleb.
   380 | D        | Found a shimmering altar of Xom.
   380 | D        | Noticed a slime creature
   390 | D        | Killed a slime creature
   390 | D        | Reached *** piety under Trog
   391 | D        | Reached XP level 7. HP: 49/77 MP: 6/6
   502 | D        | Found a viscous altar of Jiyva.
   502 | D        | Found a corrupted altar of Lugonu.
   527 | D        | Noticed a kobold demonologist
   529 | D        | Noticed a kobold demonologist
   531 | D        | Noticed an orange demon
   532 | D        | Reached skill level 7 in Armour
   535 | D        | Killed a kobold demonologist
   536 | D        | Killed a kobold demonologist
   536 | D        | Reached **** piety under Trog
   537 | D        | Reached skill level 8 in Armour
   537 | D        | Reached XP level 8. HP: 86/86 MP: 7/7
   586 | D        | Noticed a demonic crawler
   586 | D        | Noticed a demonic crawler
   586 | D        | Noticed a demonic crawler
   586 | D        | Noticed a demonic crawler
   591 | D        | Killed a demonic crawler
   592 | D        | Reached skill level 1 in Stealth
   596 | D        | Killed a demonic crawler
   602 | D        | Killed a demonic crawler
   602 | D        | Reached ***** piety under Trog
   603 | D        | Reached skill level 15 in Axes
   603 | D        | Reached skill level 9 in Armour
   603 | D        | Reached XP level 9. HP: 93/96 MP: 8/8
   610 | D        | Killed a demonic crawler
   773 | D        | Noticed a gargoyle
   781 | D        | Killed a gargoyle
   782 | D        | Reached skill level 11 in Armour
  1266 | D        | Noticed a lindwurm
  1272 | D        | Killed a lindwurm
  1273 | D        | Reached skill level 13 in Armour
  1292 | D        | Received a gift from Trog
  1302 | D        | Reached skill level 14 in Armour
  1320 | D        | Reached skill level 15 in Armour
  1322 | D        | Reached XP level 10. HP: 77/104 MP: 9/9
  1336 | D        | Received a gift from Trog
  1339 | D        | Reached skill level 16 in Armour
  1361 | D        | Reached skill level 17 in Armour
  1564 | D        | Noticed Sonja
  1573 | D        | HP: 3/104 [Sonja (7)]
  1581 | D        | Mangled by Sonja

Illustrated notes

Levels and vault maps discovered:
D:        dungeon_sprint_1 [red_sonja_temple_1, red_sonja_temple_small_1]

Skill      XL: |  1  2  3  4  5  6  7  8  9 10 |
---------------+-------------------------------+-----
Fighting       | 5 7 10 12 13 14 | 14.6
Axes           | 5 7 10 12 13 15 | 15.5
Armour         | 3 4 5 6 8 9 15 17 | 17.0
Dodging        | 3 4 5 6 |  6.8
Stealth        | 1 |  1.2

Action                   |  1- 3 |  4- 6 |  7- 9 | 10-12 || total
-------------------------+-------+-------+-------+-------++-------
Melee: Hand axe          |    12 |    20 |    73 |    38 ||   143
       Headbutt          |       |     5 |    19 |    14 ||    38
       Executioner's axe |       |       |       |     6 ||     6
Invok: Berserk           |     2 |     2 |     3 |     1 ||     8
  Use: Potion            |       |       |       |     3 ||     3
Armor: Chain mail        |       |     3 |    14 |       ||    17
       Plate armour      |       |       |    15 |    20 ||    35
Dodge: Dodged            |     2 |     8 |    27 |    28 ||    65
